| TOP OF THE 1ST |
|
Denver Bears batting - Pitching for Tulsa Drillers : RHP Karl Best
|
|
Pitching: RHP Karl Best
|
|
|
Batting: LHB Dallas Williams
|
0-0: Ball 1-0: Swinging Strike 1-1: Ball 2-1: Foul Ball, location: 2F 2-2: Strikes out looking
|
|
Batting: RHB Adolfo Feliz
|
0-0: Called Strike 0-1: Ball 1-1: Swinging Strike 1-2: Ball 2-2: Strikes out swinging
|
|
Batting: LHB Danny Heep
|
0-0: Called Strike 0-1: Ball 1-1: Ball 2-1: Fly out, F8 (Flyball, 78D, EV 105.0 MPH)
|
| Top of the 1st over - 0 runs, 0 hits, 0 errors, 0 left on base; Denver 0 - Tulsa 0 |
| BOTTOM OF THE 1ST |
|
Tulsa Drillers batting - Pitching for Denver Bears : RHP Alex Vasquez
|
|
Pitching: RHP Alex Vasquez
|
|
|
Batting: SHB Paul Householder
|
0-0: Called Strike 0-1: Ball 1-1: Bunt - Flyout to 3S! F3
|
|
Batting: RHB Victor Rios
|
0-0: Called Strike 0-1: Ball 1-1: Ball 2-1: Ball 3-1: Base on Balls
|
|
Batting: LHB Mike Pagliarulo
|
0-0: Ball Victor Rios steals 2nd base 1-0: Called Strike 1-1: Foul Ball, location: 2F 1-2: Ball 2-2: Ball 3-2: Strikes out looking
|
|
Batting: LHB Jim Adduci
|
0-0: Fly out, F7 (Line Drive, 7S, EV 108.1 MPH)
|
| Bottom of the 1st over - 0 runs, 0 hits, 0 errors, 1 left on base; Denver 0 - Tulsa 0 |
| TOP OF THE 2ND |
|
Denver Bears batting - Pitching for Tulsa Drillers : RHP Karl Best
|
|
Batting: RHB George A Bell
|
0-0: Swinging Strike 0-1: Ball 1-1: Fly out, F7 (Flyball, 78M, EV 84.4 MPH)
|
|
Batting: LHB Tom Beyers
|
0-0: Ball 1-0: Called Strike 1-1: Ball 2-1: SOLO HOME RUN (Flyball, 89XD, EV 105.0 MPH), Distance : 398 ft
|
|
Batting: RHB Juan Alvarez
|
0-0: Foul Ball, location: 2F 0-1: Ball 1-1: Fly out, F4 (Flyball, 34D, EV 87.5 MPH)
|
|
Batting: LHB Larry Donofrio
|
0-0: Called Strike 0-1: Swinging Strike 0-2: Ball 1-2: Ball 2-2: Foul Ball, location: 2F 2-2: Ball 3-2: Strikes out swinging
|
| Top of the 2nd over - 1 run, 1 hit, 0 errors, 0 left on base; Denver 1 - Tulsa 0 |
| BOTTOM OF THE 2ND |
|
Tulsa Drillers batting - Pitching for Denver Bears : RHP Alex Vasquez
|
|
Batting: SHB Luis Quinones
|
0-0: Called Strike 0-1: Fly out, F9 (Flyball, 9LM, EV 88.8 MPH)
|
|
Batting: LHB Randy Braun
|
0-0: Ground out 4-3 (Groundball, 4, EV 103.1 MPH)
|
|
Batting: RHB Bob E Johnson
|
0-0: Foul Ball, location: 2F 0-1: Ball 1-1: Foul Ball, location: 2F 1-2: Foul Ball, location: 2F 1-2: Foul Ball, location: 2F 1-2: Fly out, F9 (Flyball, 9D, EV 105.6 MPH)
|
| Bottom of the 2nd over - 0 runs, 0 hits, 0 errors, 0 left on base; Denver 1 - Tulsa 0 |
| TOP OF THE 3RD |
|
Denver Bears batting - Pitching for Tulsa Drillers : RHP Karl Best
|
|
Batting: RHB Raymond Borucki
|
0-0: Ball 1-0: Foul Ball, location: 2F 1-1: Fly out, F8 (Flyball, 78M, EV 78.8 MPH)
|
|
Batting: RHB Gomez Barahona
|
0-0: Ball 1-0: Foul Ball, location: 2F 1-1: Swinging Strike 1-2: Ball 2-2: Foul Ball, location: 2F 2-2: Foul Ball, location: 2F 2-2: Strikes out swinging
|
|
Batting: LHB Dallas Williams
|
0-0: Called Strike 0-1: Foul Ball, location: 2F 0-2: Strikes out swinging
|
| Top of the 3rd over - 0 runs, 0 hits, 0 errors, 0 left on base; Denver 1 - Tulsa 0 |
| BOTTOM OF THE 3RD |
|
Tulsa Drillers batting - Pitching for Denver Bears : RHP Alex Vasquez
|
|
Batting: RHB Nick Belmonte
|
0-0: Called Strike 0-1: Ground out 4-3 (Groundball, 4, EV 88.1 MPH)
|
|
Batting: LHB Oscar Cordero
|
0-0: Called Strike 0-1: Ball 1-1: Foul Ball, location: 2F 1-2: Ball 2-2: Reached on error, E6 (Groundball, 6M, EV 86.3 MPH)
|
|
Batting: SHB Paul Householder
|
0-0: DOUBLE (Line Drive, 5D, EV 107.5 MPH) Oscar Cordero scores
|
|
Batting: RHB Victor Rios
|
0-0: Called Strike 0-1: Ground out 5-3 (Groundball, 56, EV 100.6 MPH)
|
|
Batting: LHB Mike Pagliarulo
|
0-0: Ball 1-0: Ball 2-0: SINGLE (Line Drive, 8RS, EV 103.8 MPH) Paul Householder to third Runner from 3rd tries for Home, SAFE, throw by CF to home
|
|
Batting: LHB Jim Adduci
|
0-0: Foul Ball, location: 2F 0-1: Ball 1-1: Swinging Strike 1-2: Ball 2-2: Fly out, F7 (Line Drive, 7, EV 94.4 MPH)
|
| Bottom of the 3rd over - 2 runs, 2 hits, 1 error, 1 left on base; Denver 1 - Tulsa 2 |
| TOP OF THE 4TH |
|
Denver Bears batting - Pitching for Tulsa Drillers : RHP Karl Best
|
|
Batting: RHB Adolfo Feliz
|
0-0: Ball 1-0: Foul Ball, location: 2F 1-1: Ball 2-1: Called Strike 2-2: Ball 3-2: Foul Ball, location: 2F 3-2: Foul Ball, location: 2F 3-2: Foul Ball, location: 2F 3-2: Strikes out swinging
|
|
Batting: LHB Danny Heep
|
0-0: SINGLE (Line Drive, 9S, EV 103.1 MPH)
|
|
Batting: RHB George A Bell
|
0-0: Called Strike 0-1: Ball 1-1: Foul Ball, location: 2F 1-2: Fly out, F8 (Flyball, 8RM, EV 92.5 MPH)
|
|
Batting: LHB Tom Beyers
|
0-0: Ball Wild Pitch! Danny Heep to second 1-0: Ball 2-0: Called Strike 2-1: Ground out 3-1 (Groundball, 34, EV 85.6 MPH)
|
| Top of the 4th over - 0 runs, 1 hit, 0 errors, 1 left on base; Denver 1 - Tulsa 2 |
| BOTTOM OF THE 4TH |
|
Tulsa Drillers batting - Pitching for Denver Bears : RHP Alex Vasquez
|
|
Batting: SHB Luis Quinones
|
0-0: Called Strike 0-1: Foul Ball, location: 2F 0-2: Ball 1-2: Foul Ball, location: 2F 1-2: Ground out 4-3 (Groundball, 4, EV 90.0 MPH)
|
|
Batting: LHB Randy Braun
|
0-0: Called Strike 0-1: Foul Ball, location: 2F 0-2: Ball 1-2: Foul Ball, location: 2F 1-2: Ground out 4-3 (Groundball, 4, EV 84.4 MPH)
|
|
Batting: RHB Bob E Johnson
|
0-0: Ball 1-0: Fly out, F8 (Flyball, 8RM, EV 85.6 MPH)
|
| Bottom of the 4th over - 0 runs, 0 hits, 0 errors, 0 left on base; Denver 1 - Tulsa 2 |
| TOP OF THE 5TH |
|
Denver Bears batting - Pitching for Tulsa Drillers : RHP Karl Best
|
|
Batting: RHB Juan Alvarez
|
0-0: Fly out, F7 (Line Drive, 7, EV 93.8 MPH)
|
|
Batting: LHB Larry Donofrio
|
0-0: Foul Ball, location: 2F 0-1: Foul Ball, location: 2F 0-2: Foul Ball, location: 2F 0-2: Ball 1-2: Ball 2-2: SOLO HOME RUN (Flyball, 9D, EV 107.5 MPH), Distance : 368 ft
|
|
Batting: RHB Raymond Borucki
|
0-0: Ground out 4-3 (Groundball, 4, EV 78.8 MPH)
|
|
Batting: RHB Gomez Barahona
|
0-0: Foul Ball, location: 2F 0-1: Fly out, F3 (Popup, 3SF, EV 67.5 MPH)
|
| Top of the 5th over - 1 run, 1 hit, 0 errors, 0 left on base; Denver 2 - Tulsa 2 |
| BOTTOM OF THE 5TH |
|
Tulsa Drillers batting - Pitching for Denver Bears : RHP Alex Vasquez
|
|
Batting: RHB Nick Belmonte
|
0-0: Called Strike 0-1: Foul Ball, location: 2F 0-2: Ball 1-2: Ground out 5-3 (Groundball, 56S, EV 85.6 MPH)
|
|
Batting: LHB Oscar Cordero
|
0-0: Ground out 1-3 (Groundball, P, EV 71.9 MPH)
|
|
Batting: SHB Paul Householder
|
0-0: Swinging Strike 0-1: Ball 1-1: Foul Ball, location: 2F 1-2: Ball 2-2: Ball 3-2: Foul Ball, location: 2F 3-2: Fly out, F9 (Flyball, 9, EV 75.6 MPH)
|
| Bottom of the 5th over - 0 runs, 0 hits, 0 errors, 0 left on base; Denver 2 - Tulsa 2 |
| TOP OF THE 6TH |
|
Denver Bears batting - Pitching for Tulsa Drillers : RHP Karl Best
|
|
Batting: LHB Dallas Williams
|
0-0: Ball 1-0: Foul Ball, location: 2F 1-1: SINGLE (Line Drive, 9LS, EV 105.0 MPH)
|
|
Batting: RHB Adolfo Feliz
|
0-0: Ball Dallas Williams steals 2nd base (no throw) 1-0: Foul Ball, location: 2F 1-1: Ball 2-1: Ball 3-1: Bunt missed! 3-2: Fly out, F3 (Popup, 34S, EV 42.5 MPH)
|
|
Batting: LHB Danny Heep
|
0-0: Foul Ball, location: 2F 0-1: Ball 1-1: SINGLE (Line Drive, 9S, EV 100.0 MPH) Dallas Williams to third
|
|
Batting: RHB George A Bell
|
0-0: Ball 1-0: Ground out 6-3 (Groundball, 56, EV 78.8 MPH) Dallas Williams scores Danny Heep to second
|
|
Batting: LHB Tom Beyers
|
0-0: Swinging Strike 0-1: Fly out, F7 (Flyball, 7LM, EV 102.5 MPH)
|
| Top of the 6th over - 1 run, 2 hits, 0 errors, 1 left on base; Denver 3 - Tulsa 2 |
| BOTTOM OF THE 6TH |
|
Tulsa Drillers batting - Pitching for Denver Bears : RHP Alex Vasquez
|
|
Batting: RHB Victor Rios
|
0-0: Called Strike 0-1: Ball 1-1: Foul Ball, location: 2F 1-2: Ball 2-2: Ground out 5-3 (Groundball, 56, EV 108.1 MPH)
|
|
Batting: LHB Mike Pagliarulo
|
0-0: Called Strike 0-1: Ball 1-1: Ball 2-1: Ball 3-1: Base on Balls
|
|
Batting: LHB Jim Adduci
|
0-0: Called Strike 0-1: SINGLE (Flyball, 56D, EV 96.3 MPH) Mike Pagliarulo to second
|
|
Batting: SHB Luis Quinones
|
0-0: Swinging Strike 0-1: Ball 1-1: Called Strike 1-2: Foul Ball, location: 2F 1-2: Ball 2-2: Foul Ball, location: 2F 2-2: Ball 3-2: Base on Balls Mike Pagliarulo to third Jim Adduci to second
|
|
Batting: LHB Randy Braun
|
0-0: Called Strike 0-1: Ball 1-1: Ball 2-1: SINGLE (Groundball, 4M, EV 88.1 MPH) (infield hit) Mike Pagliarulo scores Jim Adduci to third Luis Quinones to second
|
|
Batting: RHB Bob E Johnson
|
0-0: Foul Ball, location: 2F 0-1: SINGLE (Groundball, 56, EV 96.3 MPH) Jim Adduci scores Luis Quinones to third Randy Braun to second Runner from 3rd tries for Home, SAFE, throw by LF to home
|
|
Pitching: RHP Bob Cabrera
|
|
|
Batting: RHB Nick Belmonte
|
0-0: Fly out, F4 (Line Drive, 4, EV 68.8 MPH)
|
|
Batting: LHB Oscar Cordero
|
0-0: Ball 1-0: Ball 2-0: SINGLE (Flyball, 4D, EV 93.1 MPH) Randy Braun to third Bob E Johnson to second Runner from 3rd tries for Home, SAFE, throw by CF to home
|
|
Batting: SHB Paul Householder
|
0-0: Ball 1-0: Called Strike 1-1: Fly out, F8 (Flyball, 78D, EV 86.3 MPH)
|
| Bottom of the 6th over - 4 runs, 4 hits, 0 errors, 2 left on base; Denver 3 - Tulsa 6 |
| TOP OF THE 7TH |
|
Denver Bears batting - Pitching for Tulsa Drillers : RHP Karl Best
|
|
Batting: RHB Juan Alvarez
|
0-0: Ball 1-0: Ball 2-0: Foul Ball, location: 2F 2-1: Foul Ball, location: 2F 2-2: Strikes out swinging
|
|
Batting: LHB Larry Donofrio
|
0-0: Called Strike 0-1: Ball 1-1: Foul Ball, location: 2F 1-2: Ball 2-2: Ball 3-2: Ground out 5-3 (Groundball, 25, EV 82.5 MPH)
|
|
Batting: RHB Raymond Borucki
|
0-0: Ball 1-0: Called Strike 1-1: Foul Ball, location: 2F 1-2: Ball 2-2: Fly out, F7 (Line Drive, 7, EV 88.8 MPH)
|
| Top of the 7th over - 0 runs, 0 hits, 0 errors, 0 left on base; Denver 3 - Tulsa 6 |
| BOTTOM OF THE 7TH |
|
Tulsa Drillers batting - Pitching for Denver Bears : RHP Bob Cabrera
|
|
Batting: RHB Victor Rios
|
0-0: Swinging Strike 0-1: Foul Ball, location: 2F 0-2: Foul Ball, location: 2F 0-2: Ball 1-2: Ground out 5-3 (Groundball, 56S, EV 81.3 MPH)
|
|
Batting: LHB Mike Pagliarulo
|
0-0: Ball 1-0: Swinging Strike 1-1: Ball 2-1: Ball 3-1: Ground out 5-3 (Groundball, 56, EV 81.3 MPH)
|
|
Batting: LHB Jim Adduci
|
0-0: Foul Ball, location: 2F 0-1: Foul Ball, location: 2F 0-2: Ball 1-2: Foul Ball, location: 2F 1-2: Foul Ball, location: 2F 1-2: Ball 2-2: Strikes out swinging
|
| Bottom of the 7th over - 0 runs, 0 hits, 0 errors, 0 left on base; Denver 3 - Tulsa 6 |
| TOP OF THE 8TH |
|
Denver Bears batting - Pitching for Tulsa Drillers : RHP Karl Best
|
|
Batting: RHB Gomez Barahona
|
0-0: Reached on error, E5 (Groundball, 56, EV 84.4 MPH)
|
|
Batting: LHB Dallas Williams
|
0-0: Ball 1-0: Foul Ball, location: 2F 1-1: Ball 2-1: Swinging Strike 2-2: Ball 3-2: Fly out, F9 (Flyball, 89D, EV 88.1 MPH)
|
|
Batting: RHB Adolfo Feliz
|
0-0: Fly out, F7 (Flyball, 78S, EV 83.1 MPH)
|
|
Batting: LHB Danny Heep
|
0-0: Ball 1-0: Ground out 4-3 (Groundball, 4, EV 85.0 MPH)
|
| Top of the 8th over - 0 runs, 0 hits, 1 error, 1 left on base; Denver 3 - Tulsa 6 |
| BOTTOM OF THE 8TH |
|
Tulsa Drillers batting - Pitching for Denver Bears : RHP Bob Cabrera
|
|
Batting: SHB Luis Quinones
|
0-0: Ball 1-0: Ball 2-0: Called Strike 2-1: Called Strike 2-2: Foul Ball, location: 2F 2-2: Foul Ball, location: 2F 2-2: Foul Ball, location: 2F 2-2: Foul Ball, location: 2F 2-2: Ball 3-2: Base on Balls
|
|
Pitching: RHP Michael Heaton
|
|
|
Batting: LHB Randy Braun
|
0-0: Fly out, F7 (Line Drive, 7, EV 102.5 MPH)
|
|
Batting: RHB Bob E Johnson
|
0-0: Called Strike 0-1: Called Strike 0-2: Ball 1-2: Foul Ball, location: 2F 1-2: Ball 2-2: Ball 3-2: Foul Ball, location: 2F 3-2: SINGLE (Flyball, 3D, EV 88.1 MPH) Luis Quinones to second
|
|
Batting: RHB Nick Belmonte
|
0-0: Ball Luis Quinones is caught stealing 3rd base 2-5 1-0: Ball Bob E Johnson steals 2nd base 2-0: Foul Ball, location: 2F 2-1: Ball 3-1: Called Strike 3-2: Ground out 5-3 (Groundball, 56, EV 81.9 MPH)
|
| Bottom of the 8th over - 0 runs, 1 hit, 0 errors, 1 left on base; Denver 3 - Tulsa 6 |
| TOP OF THE 9TH |
|
Denver Bears batting - Pitching for Tulsa Drillers : RHP Karl Best
|
|
Batting: RHB George A Bell
|
0-0: Called Strike 0-1: Ball 1-1: Ball 2-1: Ball 3-1: SOLO HOME RUN (Flyball, 7D, EV 105.0 MPH), Distance : 379 ft
|
|
Pitching: RHP Bert Roberge
|
|
|
Batting: LHB Tom Beyers
|
0-0: Ball 1-0: Fly out, F9 (Flyball, 89D, EV 100.0 MPH)
|
|
Batting: RHB Juan Alvarez
|
0-0: Fly out, F7 (Flyball, 7LS, EV 83.8 MPH)
|
|
Batting: LHB Larry Donofrio
|
0-0: Foul Ball, location: 2F 0-1: Ball 1-1: Foul Ball, location: 2F 1-2: Ball 2-2: Reached on error, E4 (Groundball, 4, EV 93.8 MPH)
|
|
Pinch Hitting: LHB Terry Francona
|
0-0: Ball 1-0: Fly out, F9 (Line Drive, 9, EV 89.4 MPH)
|
| Top of the 9th over - 1 run, 1 hit, 1 error, 1 left on base; Denver 4 - Tulsa 6 |
|